 Dungeon Crawl Stone Soup version 0.22-a0-803-gd6d8abeff0 (webtiles) character file.

14205 Htamos the Cleaver (level 12, -3/66 HPs)
             Began as a Vine Stalker Berserker on July 22, 2018.
             Slain by a two-headed ogre
             ... wielding a +0 giant spiked club
             ... created by the rage of Trog
              (32 damage)
             ... on level 13 of the Dungeon.
             The game lasted 00:23:59 (12035 turns).

Htamos the Cleaver (Vine Stalker Berserker)        Turns: 12035, Time: 00:24:00

Health: -3/66      AC: 16    Str: 28    XL:     12   Next: 14%
Magic:  0/28       EV: 13    Int:  7    God:
Gold:   553        SH: 10    Dex: 20    Spells: 19/19 levels left

rFire    x . .     SeeInvis .   z - +0 war axe
rCold    + . .     Gourm    .   A - +1 shield {AC+3}
rNeg     . . .     Faith    .   H - +0 ice dragon scales
rPois    .         Spirit   +   u - +0 helmet
rElec    +         Reflect  .   X - scarf {repulsion}
rCorr    .         Harm     .   (no gloves)
MR       ++...                  (no boots)
Stlth    ..........             I - amulet "Immyamm" {+Blink rElec rC- Regen+ Str+9}
HPRegen  1.41/turn              D - ring of magical power
MPRegen  0.21/turn              y - ring of protection from magic

@: repel missiles
A: fangs 3, regeneration 2, magic shield, antimagic bite, no potion heal 3, rot
immunity
a: Evoke Blink


You were on level 13 of the Dungeon.
You were not hungry.

You visited 2 branches of the dungeon, and saw 14 of its levels.
You also visited: Trove.

You collected 634 gold pieces.
You spent 81 gold pieces at shops.

Inventory:

Hand Weapons
 a - a +0 hand axe
 n - a +2 dagger of speed
 z - a +0 war axe (weapon)
Armour
 b - a +0 animal skin
 p - a +1 chain mail
 u - a +0 helmet (worn)
 A - a +1 shield of protection (worn)
 E - a +0 plate armour
 H - +0 ice dragon scales (worn)
 K - a +2 cloak
 W - the +1 scale mail of Wrong Decisions {Regen+, unknown}
   (You found it in a treasure trove)

   It increases your rate of regeneration.
 X - a scarf of repulsion (worn)
Jewellery
 g - an uncursed ring of fire
 h - an uncursed ring of protection from cold
 y - a ring of protection from magic (right hand)
 D - a ring of magical power (left hand)
 I - the amulet "Immyamm" (around neck) {+Blink rElec rC- Regen+ Str+9}
   (You found it in a treasure trove)

   [amulet of regeneration]

   It affects your strength (+9).
   It makes you vulnerable to cold.
   It insulates you from electricity.
   It lets you blink.
   It increases your rate of regeneration.
 O - an uncursed amulet of faith
 Q - an uncursed ring of positive energy
 Y - a +5 amulet of reflection
 Z - an uncursed amulet of faith
Wands
 w - a wand of iceblast (17)
 C - a wand of paralysis (14)
 F - a wand of flame (23)
 N - a wand of disintegration (14)
 R - a wand of clouds (6)
 T - a wand of digging (9)
Scrolls
 d - 3 scrolls of identify
 f - 4 scrolls of teleportation
 j - 3 scrolls of amnesia
 m - 5 scrolls of remove curse
 t - 2 scrolls of enchant armour
 x - 3 scrolls of blinking
 J - a scroll of torment {unknown}
 L - a scroll of fog
 S - a scroll of magic mapping {unknown}
 U - 6 scrolls of enchant weapon {unknown}
Potions
 e - 7 potions of brilliance
 i - a potion of degeneration {unknown}
 k - 4 potions of heal wounds {unknown}
 l - a potion of ambrosia {unknown}
 o - a potion of invisibility
 q - 2 potions of lignification {unknown}
 r - 4 potions of agility {unknown}
 s - 2 potions of haste {unknown}
 v - a potion of curing
 G - 2 potions of flight {unknown}
 M - a potion of cancellation {unknown}
 P - a potion of might {unknown}
 V - a potion of experience {unknown}
Comestibles
 c - 21 rations
 B - 20 chunks of flesh


   Skills:
 + Level 9.2 Fighting
 + Level 9.2 Axes
 + Level 8.1 Armour
 + Level 8.2 Dodging
 * Level 4.1 Spellcasting


You had 19 spell levels left.
You didn't know any spells.
Your spell library was empty.

Dungeon Overview and Level Annotations

Branches:
Dungeon (13/15)            Temple (1/1) D:4            Lair (0/6) D:8
    Orc (0/2) D:12
 Vaults: D:13-14

Altars:
Ashenzari
Cheibriados
Dithmenos
Elyvilon
Gozag
Nemelex Xobeh
Okawaru
Qazlal
Sif Muna
Trog
Vehumet
Wu Jian
Yredelemnul
Zin
The Shining One

Shops:
D:5 *   D:6 *%[:   D:12 (


Innate Abilities, Weirdness & Mutations

You have razor-sharp teeth.
You heal very quickly.
When hurt, damage is shared between your health and your magic reserves.
Your bite disrupts and absorbs the magic of your enemies.
Potions cannot restore your health.
You are immune to rotting.


Message History

The two-headed ogre hits you with a giant club!!
Your shield and ice dragon scales prevent you from hitting the two-headed ogre.
You bite the two-headed ogre. You drain its power.
You feel invigorated.
The two-headed ogre is heavily wounded.
The two-headed ogre barely misses you.
You block the two-headed ogre's attack. x3
You hit the two-headed ogre. You bite the two-headed ogre! You drain its power.
You feel invigorated.
The two-headed ogre is heavily wounded.
The two-headed ogre hits you with a giant spiked club!!
* * * LOW HITPOINT WARNING * * *
The two-headed ogre hits you but does no damage.
You slice the two-headed ogre!! You bite the two-headed ogre.
You drain its power.
You feel invigorated.
The two-headed ogre is severely wounded.
The two-headed ogre hits you with a giant spiked club!
* * * LOW HITPOINT WARNING * * *
You block the two-headed ogre's attack.
The two-headed ogre hits you with a giant spiked club!!!
* * * LOW MAGIC WARNING * * *
You die...

#.# #.# #.# #.#
#.# .# #.# #.# #.#
# #.###.####
#########hh.......
.......@OOO...##.#
#############.# #


You could see a two-headed ogre (berserk), 2 polar bears and 2 ogres.

Vanquished Creatures
  3 two-headed ogres
  Nergalle (D:9)
  An unseen horror (D:12)
  A deep elf mage (D:13)
  An ugly thing (D:13)
  A manticore (D:13)
  Psyche (D:8)
  3 trolls
  3 hornets (D:10)
  2 hippogriffs (D:8)
  Prince Ribbit (D:6)
  4 slime creatures (D:13)
  7 yaks (D:9)
  2 wyverns
  A basilisk (D:12)
  A hungry ghost (D:10)
  3 vampire mosquitoes (D:12)
  An acid dragon (D:12)
  2 soldier ants
  Duvessa (D:4)
  An ice beast (D:10)
  3 sky beasts
  3 orc warriors
  A phantom (D:7)
  A black bear (D:12)
  An ogre (shapeshifter) (D:13)
  7 ogres
  2 centaurs
  A crocodile (D:10)
  4 bullfrogs
  Dowan (D:4)
  3 scorpions
  12 wights
  2 electric eels (D:10)
  6 howler monkeys
  4 crimson imps
  A jelly (D:11)
  2 hounds
  13 orc wizards
  2 centaur zombies
  A gnoll shaman (D:4)
  4 orc priests
  2 centaur skeletons
  3 bullfrog skeletons
  2 iguanas
  10 worker ants
  A hound zombie (D:6)
  2 hound skeletons
  A worker ant zombie (D:10)
  3 gnolls (D:4)
  A howler monkey skeleton (D:11)
  15 adders
  2 shadow imps (D:12)
  3 oozes
  2 adder skeletons
  3 worms
  5 dart slugs
  3 leopard geckos
  36 orcs
  2 ball pythons
  3 bats (D:1)
  A giant cockroach (D:3)
  3 goblins
  6 hobgoblins
  5 jackals
  7 kobolds
  4 quokkas
  7 frilled lizards
  7 rats
254 creatures vanquished.

Vanquished Creatures (others)
  An orc (D:10)
1 creature vanquished.

Grand Total: 255 creatures vanquished

Notes
Turn   | Place    | Note
-------+----------+-------------------------------------------
     0 | D:1      | Htamos the Vine Stalker Berserker began the quest for the Orb.
     0 | D:1      | Reached XP level 1. HP: 11/11 MP: 2/2
   133 | D:1      | Reached XP level 2. HP: 13/16 MP: 3/3
   902 | D:2      | Reached XP level 3. HP: 20/20 MP: 4/4
  1663 | D:2      | Found an opulent altar of Gozag.
  1663 | D:2      | Found a glowing silver altar of Zin.
  1700 | D:2      | Found a glowing golden altar of the Shining One.
  1741 | D:2      | Reached ** piety under Trog
  1741 | D:2      | Gained mutation: Your natural rate of healing is unusually fast. [Vine Stalker growth]
  1741 | D:2      | Reached XP level 4. HP: 22/24 MP: 5/5
  2062 | D:3      | Found a shattered altar of Ashenzari.
  2157 | D:3      | Reached XP level 5. HP: 26/28 MP: 6/6
  3002 | D:4      | Noticed Dowan
  3002 | D:4      | Noticed Duvessa
  3040 | D:4      | Killed Duvessa
  3040 | D:4      | Reached XP level 6. HP: 33/33 MP: 5/7
  3192 | D:4      | Killed Dowan
  3228 | D:4      | Found a sparkling altar of Nemelex Xobeh.
  3445 | D:4      | Found a snail-covered altar of Cheibriados.
  3546 | D:4      | Found an iron altar of Okawaru.
  3567 | D:4      | Reached XP level 7. HP: 30/37 MP: 8/8
  3720 | D:4      | Found a deep blue altar of Sif Muna.
  3862 | D:4      | Found a staircase to the Ecumenical Temple.
  3871 | Temple   | Entered the Ecumenical Temple
  3890 | D:5      | Entered Level 5 of the Dungeon
  4140 | D:5      | Found Poum's Assorted Antiques.
  4148 | D:5      | Bought a scroll labeled XIRUKA MAEDACK for 27 gold pieces
  4148 | D:5      | Bought 2 scrolls labeled ISYFRO DOFUSE for 54 gold pieces
  4432 | D:5      | Found a white marble altar of Elyvilon.
  4858 | D:6      | Found a bloodstained altar of Trog.
  4885 | D:6      | Noticed Prince Ribbit
  4898 | D:6      | Killed Prince Ribbit
  4952 | D:6      | Found Lacowkaj's Book Boutique.
  4978 | D:6      | Gained mutation: You have razor-sharp teeth. [Vine Stalker growth]
  4978 | D:6      | Reached XP level 8. HP: 29/42 MP: 4/9
  5108 | D:6      | Found Ejol's Armour Boutique.
  5165 | D:6      | Reached skill level 5 in Axes
  5231 | D:6      | Found a shattered altar of Ashenzari.
  5355 | D:6      | Found Kesch's General Store.
  5659 | D:6      | Found Qingash's Food Boutique.
  5819 | D:7      | Found a stormy altar of Qazlal.
  6035 | D:7      | Reached skill level 5 in Fighting
  6113 | D:7      | Reached *** piety under Trog
  6449 | D:7      | Found an ornate altar of the Wu Jian Council.
  6737 | D:8      | Noticed a two-headed ogre
  6743 | D:8      | Killed a two-headed ogre
  6743 | D:8      | Reached skill level 5 in Armour
  6743 | D:8      | Reached skill level 5 in Dodging
  6743 | D:8      | Reached XP level 9. HP: 48/48 MP: 8/10
  6794 | D:8      | Noticed a two-headed ogre
  6801 | D:8      | Killed a two-headed ogre
  6817 | D:8      | Found a shadowy altar of Dithmenos.
  7070 | D:8      | Reached XP level 10. HP: 53/53 MP: 11/11
  7303 | D:8      | Noticed Psyche
  7310 | D:8      | Reached **** piety under Trog
  7314 | D:8      | Killed Psyche
  7319 | D:8      | Found a staircase to the Lair.
  8131 | D:9      | Found a stormy altar of Qazlal.
  8711 | D:10     | Entered Level 10 of the Dungeon
  8711 | D:10     | Noticed Nergalle
  8961 | D:9      | Killed Nergalle
  8961 | D:9      | Reached XP level 11. HP: 60/60 MP: 12/12
  9213 | D:10     | Reached ***** piety under Trog
  9236 | D:10     | Noticed a two-headed ogre
  9244 | D:10     | Killed a two-headed ogre
  9345 | D:10     | Found a deep blue altar of Sif Muna.
  9565 | D:10     | Paralysed by a hornet for 3 turns
  9571 | D:10     | Paralysed by a hornet for 1 turns
 10932 | D:12     | Reached skill level 1 in Spellcasting
 11200 | D:12     | Found a staircase to the Orcish Mines.
 11212 | D:12     | Killed an unseen horror
 11247 | D:12     | Found Iroothet's Weapon Emporium.
 11585 | D:13     | Found a portal to a secret trove of treasure.
 11597 | Trove    | Entered a treasure trove
 11622 | Trove    | Got a smelly scale mail
 11657 | Trove    | Got a warped golden amulet
 11658 | Trove    | Identified the amulet "Immyamm" {+Blink rElec rC- Regen+ Str+9} (You found it in a treasure trove)
 11842 | D:13     | Noticed a white ugly thing
 11856 | D:13     | Killed a white ugly thing
 11865 | D:13     | Noticed a deep elf mage
 11876 | D:13     | Killed a deep elf mage
 11923 | D:13     | Gained mutation: You heal very quickly. [Vine Stalker growth]
 11923 | D:13     | Reached XP level 12. HP: 35/66 MP: 18/18
 11925 | D:13     | Fell from the grace of Trog
 12027 | D:13     | Noticed a two-headed ogre
 12035 | D:13     | Slain by a two-headed ogre

Vault maps used:
D:1:      dpeg_arrival_rhombus
D:2:      lemuel_round_altar, grunt_temple_overflow_gold_and_silver
D:3:      lemuel_doored_altar, first_ration, grunt_decor_resistance
D:4:      nicolae_overflow_hidden_temple, lemuel_round_altar,
          kennysheep_slug_shrine, nemelex_xobeh_ov_fountains_minmay,
          minmay_temple_entry_poolview, uniq_duvessa
D:5:      nicolae_overflow_crystal_walls, serial_shops, shop, dk_vineyard_1
D:6:      bloody_trog, serial_shops, shop, kennysheep_mini,
          nicolae_shop_behind_doors, shop_fountains,
          nicolae_ashenzari_panopticon, uniq_prince_ribbit1
D:7:      marbit_many_paths, old_standard_altar
D:8:      grunt_dithmenos_smoke_and_mirrors, dpeg_oklobed_lair, uniq_psyche
D:9:      basic_altar
D:10:     basic_altar, hangedman_pestilent_swarm, nicolae_water_bricks,
          uniq_nergalle
D:11:     kennysheep_minor_cross, billiards_dpeg
D:12:     orc_0_dummy, serial_shops, shop
D:13:     david_vaults_5, enter_trove_1, elyvilon_altar_4
Temple:   dpeg_three_leaves_temple
Trove:    trove_garden

Skill      XL: |  1  2  3  4  5  6  7  8  9 10 11 12 |
---------------+-------------------------------------+-----
Fighting       | 3 4 6 8 9 |  9.2
Axes           | 3 4 6 8 9 |  9.2
Dodging        | 2 3 4 5 7 8 |  8.2
Armour         | 2 3 5 7 8 |  8.1
Spellcasting   | 3 4 |  4.1

Action                   |  1- 3 |  4- 6 |  7- 9 | 10-12 || total
-------------------------+-------+-------+-------+-------++-------
Melee: Hand axe          |    81 |       |       |       ||    81
       Bite              |    39 |    67 |    58 |   228 ||   392
       Dagger            |    23 |   152 |       |       ||   175
       War axe           |       |    45 |   184 |   477 ||   706
Invok: Berserk           |     2 |     4 |     8 |     9 ||    23
  Use: Scroll            |       |     3 |    10 |     5 ||    18
       Potion            |       |       |       |     1 ||     1
 Stab: Sleeping          |     1 |       |       |       ||     1
       Invisible         |       |       |       |     4 ||     4
  Eat: Chunk             |     4 |     6 |    15 |    24 ||    49
       Ration            |       |     1 |     1 |     1 ||     3
Armor: Animal skin       |    13 |       |       |       ||    13
       Chain mail        |     8 |    73 |    70 |       ||   151
       Plate armour      |       |       |    15 |   314 ||   329
       Ice dragon scales |       |       |       |    15 ||    15
Dodge: Dodged            |    42 |    57 |    60 |   157 ||   316
       Deflected         |       |       |       |     1 ||     1
Block: Shield            |       |       |    69 |   250 ||   319

Table legend:
 A = Spawn XP
 B = Non-spawn XP
 C = Spawn XP percentage of total XP
 D = Spawn monster count
 E = Non-spawn monster count
 F = Spawn count percentage of total count
 G = Total turns spent on level
                    A         B        C        D         E        F      G
               +---------+---------+-------+---------+---------+-------+---------
         Total |       0 |   20293 |   0.0 |       0 |     254 |   0.0 | 12035
               +---------+---------+-------+---------+---------+-------+---------
           D:1 |       0 |      30 |   0.0 |       0 |      13 |   0.0 |   867
           D:2 |       0 |      59 |   0.0 |       0 |      24 |   0.0 |  1188
           D:3 |       0 |     139 |   0.0 |       0 |      22 |   0.0 |   995
           D:4 |       0 |     459 |   0.0 |       0 |      20 |   0.0 |   838
           D:5 |       0 |     115 |   0.0 |       0 |       3 |   0.0 |   818
           D:6 |       0 |     629 |   0.0 |       0 |       6 |   0.0 |  1056
           D:7 |       0 |     882 |   0.0 |       0 |      29 |   0.0 |   973
           D:8 |       0 |    3980 |   0.0 |       0 |      36 |   0.0 |  1028
           D:9 |       0 |    4021 |   0.0 |       0 |      36 |   0.0 |  1326
          D:10 |       0 |    3027 |   0.0 |       0 |      17 |   0.0 |   785
          D:11 |       0 |     966 |   0.0 |       0 |      14 |   0.0 |   792
          D:12 |       0 |    2386 |   0.0 |       0 |      19 |   0.0 |   917
          D:13 |       0 |    3600 |   0.0 |       0 |      15 |   0.0 |   263
               +---------+---------+-------+---------+---------+-------+---------
